 Dungeon Crawl Stone Soup version 0.30.1-4-g462c640d31 (webtiles) character file.

Game seed: 16178419045668802947

79 spardeous the Magician (level 4, -5/31 HPs)
             Began as a Djinni Conjurer on Aug 27, 2023.
             Killed from afar by an orc wizard (9 damage)
             ... with a magic dart
             ... on level 2 of the Dungeon.
             The game lasted 00:01:12 (1655 turns).

spardeous the Magician (Djinni Conjurer)            Turns: 1655, Time: 00:01:13

Health: -5/31      AC:  2    Str:  8    XL:     4   Next: 62%
Gold:   56         EV: 12    Int: 19    God:
                   SH:  0    Dex: 12

rFire   + + .        (no weapon)
rCold   x . .        (no shield)
rNeg    . . .        a - +0 robe
rPois   ∞            (no helmet)
rElec   .            (no cloak)
rCorr   .            (no gloves)
SInv    .            (boots unavailable)
Will    .....        (no amulet)
Stlth   +            (no ring)
HPRegen 0.25/turn    (no ring)
MPRegen 0.00/turn

%: infuse magic (-6 HP)
@: confused, flying
A: sickness immunity, fire resistance 2, cold vulnerability 1, float, innate
caster, HP casting, extra vitality 1
a: no special abilities


You were on level 2 of the Dungeon.
You visited 1 branch of the dungeon, and saw 2 of its levels.

You collected 56 gold pieces.

Inventory:

Armour
 a - a +0 robe (worn)
Jewellery
 g - a ring of ice
 i - a +4 ring of protection
 j - an amulet of reflection
Scrolls
 d - a scroll of identify {unknown}
 f - a scroll of magic mapping {unknown}
 h - 3 scrolls of teleportation {unknown}
 l - a scroll of torment {unknown}
 m - a scroll of immolation {unknown}
Potions
 b - a potion of haste {unknown}
 c - a potion of curing {unknown}
 e - a potion of degeneration {unknown}
 k - a potion of attraction {unknown}
 n - a potion of might {unknown}
 o - a potion of cancellation {unknown}


   Skills:
 - Level 2.1 Dodging
 - Level 1.5 Stealth
 + Level 4.5 Spellcasting


You knew the following spells:

 Your Spells              Type           Power      Damage    Failure   Level
a - Magic Dart            Conj           84%        1d7       1%          1
b - Searing Ray           Conj           42%        2d6       3%          2
c - Dazzling Flash        Conj/Hex       42%        N/A       6%          3
d - Fulminant Prism       Conj/Hex       10%        3d8       21%         4
e - Iskenderun's Mystic   Conj/Tloc      21%        2d6       21%         4
f - Sting                 Tmut/Pois      84%        1d7       1%          1
Your spell library was empty.

Dungeon Overview and Level Annotations

Branches:
Dungeon (2/15)

Altars:
Ashenzari

Shops:
D:1 (


Innate Abilities, Weirdness & Mutations

You are immune to sickness and miasma.
You are immune to poison.
Your flesh is very heat resistant. (rF++)
You are vulnerable to cold. (rC-)
You float through the air rather than walking.
You learn spells naturally, not from books.
Your magical power is your life essence.
You have superior vitality. (+4 MHP)


Message History

Aim: an orc priest, wielding a +0 hand axe (78% to hit)
The searing ray hits something.
The searing ray hits the orc priest!
The orc priest is severely wounded. (Press . to maintain the ray.)
Something hits you but does no damage.
You take 2 damage, and have 12/25 hp.
The searing ray hits the orc priest!
You kill the orc priest!
The searing ray hits the orc!
You kill the orc!
* * * LOW HITPOINT WARNING * * *
You hear some strange, mumbled words.
You are confused.
You have reached level 4!
You feel agile.
You regained 2 hp, and now have 14/31 hp.
You're too confused to cast spells.
You bump into the rock wall.
Something hits you.
* * * LOW HITPOINT WARNING * * *
You take 1 damage, and have 13/31 hp.
Unknown command.
You're too confused to cast spells.
You miss something. Something hits you but does no damage.
You bump into the rock wall.
You hear some strange, mumbled words.
You are more confused.
You bump into the rock wall.
Something hits you.
* * * LOW HITPOINT WARNING * * *
You take 3 damage, and have 10/31 hp.
Unknown command.
You're too confused to move!
Something hits you.
* * * LOW HITPOINT WARNING * * *
You take 3 damage, and have 8/31 hp.
You bump into the rock wall.
Something hits you.
* * * LOW HITPOINT WARNING * * *
You take 4 damage, and have 4/31 hp.
Something hits you but does no damage.
A magic dart appears from out of thin air!
The magic dart hits you!
You die...

#...........#########
##..########.# ..<.#
#.# ###.########.##
##...##.......#
...#....####..#
##...#######.[#
##...........#########
#.#########...@.{.))#
#.# #########.# ##.##
.# ##.>.## .# #.....#
.. ......# .. #.....#
o.. ##...## ### ..o
##### #..


There were no monsters in sight!

Vanquished Creatures
  An orc priest (D:2)
  An orc wizard (D:2)
  A worm (D:2)
  An orc (D:2)
  2 bats (D:1)
  3 endoplasms
  A goblin (D:1)
  3 hobgoblins
  2 kobolds (D:1)
  A quokka (D:1)
  A ball python (D:1)
  A frilled lizard (D:1)
  3 rats
21 creatures vanquished.

Notes
Turn   | Place    | Note
-------+----------+-------------------------------------------
     0 | D:1      | spardeous the Djinni Conjurer began the quest for the Orb.
     0 | D:1      | spardeous set off with the following spells memorised:
                  | Magic Dart, Searing Ray, Dazzling Flash, Fulminant Prism,
                  | Iskenderun's Mystic Blast.
     0 | D:1      | Reached XP level 1. HP: 15/15 MP: 0/0
   143 | D:1      | Found Arodaich's Weapon Boutique.
   208 | D:1      | Reached XP level 2. HP: 20/21 MP: 0/0
  1154 | D:2      | Found a broken altar of Ashenzari.
  1339 | D:2      | Reached XP level 3. HP: 18/25 MP: 0/0
  1339 | D:2      | Learned a level 1 spell: Sting
  1392 | D:2      | HP: 1/25 [gnoll/+0 spear (6)]
  1560 | D:2      | Reached skill level 4 in Spellcasting
  1648 | D:2      | Reached XP level 4. HP: 14/31 MP: 0/0
  1655 | D:2      | Killed from afar by an orc wizard

Illustrated notes

Levels and vault maps discovered:
D:1:      shiori_arrival_elements, layout_basic, serial_shops,
          nicolae_shop_bloodbath_and_beyond
D:2:      layout_loops_ring, basic_altar, grunt_decor_clamped, minivault_4,
          patterned_corridor

Skill      XL: |  1  2  3 |
---------------+----------+-----
Spellcasting   | 4 |  4.5
Dodging        | |  2.1
Stealth        | |  1.5

Action                     |  1- 3 |  4- 6 || total
---------------------------+-------+-------++-------
  Melee: Unarmed           |       |     1 ||     1
   Cast: Magic Dart        |    42 |       ||    42
         Searing Ray       |     4 |       ||     4
 Armour: Robe              |     3 |     2 ||     5
  Dodge: Dodged            |     3 |       ||     3
